Description

Timestamped roughly matches PiG's time

VOD

https://www.youtube.com/watch?time_continue=70&v=rYgH0So1tIg

Build Order

Get SALT Encoding   

  14  00:17  Supply Depot  
  16  00:41  Barracks  Reactor -> Non stop marines
  16  00:42  Refinery  
  17  01:03  Action  SCV SCOUT (hide at natural)
  19  01:29  Orbital Command  
  19  01:43  Command Center  
  20  02:00  Barracks  Tech -> Stim -> Shield
  21  02:10  Supply Depot  Walling
  23  02:26  Barracks  Reactor
  35  03:28  Factory  Reactor -> Starport -> Swap -> 2x Medivacs
  35  03:30  Refinery  
  38  03:46  Supply Depot  constant depot
  60  04:51  Engineering Bay  +1 Attack
  70  05:14  Refinery  
Spawning Tool Build Advisor. Get it on Overwolf

Go to:

Details

  • Created by: rekt
  • Published on: Jun 15, 2019
  • Modified on: Jun 15, 2019
  • Patch: 4.7.1
  • Difficulty: Easy
Show
View Real Time Build Order
Export as new Build Order

Comments (1)

On Aug. 4, 2019, 1:29 p.m., Lhynz  said:

The built is correct, the SALT encoding is horrible

Create an account to comment!